 Dungeon Crawl Stone Soup version 0.14.0-26-g1682e81 (webtiles) character file.

1321 Leibowitz the Ducker (level 8, -1/49 HPs)
             Began as a Kobold Fighter on Apr 26, 2014.
             Slain by a guardian mummy (13 damage)
             ... in an ossuary.
             The game lasted 00:21:13 (6575 turns).

Leibowitz the Ducker (Kobold Fighter)               Turns: 6575, Time: 00:21:13

HP  -1/49        AC  6     Str 21      XL: 8   Next: 46%
MP   8/8         EV 16     Int 11      God:
Gold 299         SH 12     Dex 16      Spells:  0 memorised,  7 levels left

rFire  . . .     SeeInvis .     m - +0 cutlass
rCold  + . .     Clarity  .     j - +0 leather armour
rNeg   . . .     Conserve .     c - +0 buckler
rPois  .         rCorr    .     (no helmet)
rElec  +         rRot     .     (no cloak)
SustAb . .       Spirit   .     f - +2 pair of gloves
rMut   .         Warding  .     (no boots)
Saprov + + .     Stasis   .     (no amulet)
MR     .....                    t - ring "Epiafut" {+Rage +Inv rElec rC+}
                                p - +5 ring of intelligence

@: mighty, drained, not resistant to hostile enchantments, stealthy
A: disease resistance, carnivore 3, saprovore 2
a: Evoke Berserk Rage, Evoke Invisibility


You were in an ossuary.
You were not hungry.

You visited 1 branch of the dungeon, and saw 5 of its levels.
You also visited: Sewer and Ossuary.

You collected 319 gold pieces.
You spent 20 gold pieces at shops.

Inventory:

Hand weapons
 a - a +0,+1 dagger of venom
 m - a +0,+0 cutlass (weapon)
Missiles
 o - 23 poisoned needles
Armour
 c - a +0 buckler (worn)
 f - a +2 pair of gloves (worn)
 j - a +0 leather armour (worn)
Magical devices
 b - a wand of frost (16)
 r - a wand of frost (0)
 u - a wand of fire (3)
 z - a wand of disintegration (4)
Comestibles
 d - a meat ration
 n - a slice of pizza
Scrolls
 i - a scroll of recharging
 l - 5 scrolls of teleportation {unknown}
 q - 2 scrolls of immolation {unknown}
 s - 4 scrolls of identify
 v - a scroll of enchant weapon I {unknown}
 w - a scroll of magic mapping {unknown}
 x - a scroll of remove curse {unknown}
 y - 2 scrolls of enchant weapon II {unknown}
 A - a scroll of blinking {unknown}
Jewellery
 p - a +5 ring of intelligence (left hand)
 t - the ring "Epiafut" (right hand) {+Rage +Inv rElec rC+}
   (You found it on level 4 of the Dungeon)

   [ring of protection from cold]

   It insulates you from electricity.
   It lets you turn invisible.
   It lets you go berserk.
Potions
 e - a potion of might
 g - a potion of resistance {unknown}
 h - a potion of brilliance
 k - 3 potions of curing


   Skills:
 * Level 5.3(4.1) Fighting
 + Level 4.2(3.1) Short Blades
 + Level 3.0(1.9) Armour
 * Level 6.3(5.1) Dodging
 * Level 5.1(3.9) Stealth
 * Level 4.2(3.1) Shields


You had 7 spell levels left.
You didn't know any spells.

Dungeon Overview and Level Annotations

Branches:
Dungeon (5/15)
 Temple: D:4-7

Altars:
Cheibriados
Dithmenos
Elyvilon
Nemelex Xobeh

Shops:
D:4 *   D:5 =[


Innate Abilities, Weirdness & Mutations

You recuperate from illness quickly.
You are small and have problems with some larger weapons.
You are carnivorous and can eat meat at any time.
You can eat rotten meat.


Message History

The guardian mummy hits you!
Drink which item? (? for menu, Esc to quit)
You feel very mighty all of a sudden.
The guardian mummy hits you but does no damage.
You hit the guardian mummy.
The guardian mummy is moderately damaged.
The guardian mummy hits you!
You hit the guardian mummy but do no damage.
The guardian mummy is moderately damaged.
You block the guardian mummy's attack.
You slash the guardian mummy!
The guardian mummy is heavily damaged.
The guardian mummy hits you!
* * * LOW HITPOINT WARNING * * *
You hit the guardian mummy.
The guardian mummy is severely damaged.
You hit the guardian mummy.
The guardian mummy is severely damaged.
The guardian mummy hits you!
You die...

. ... #.
#.!??.# #.
#./?!.# #.
##./?!.## #.
... ... #. ...
... #. ##.###.#
#.#M#.#z#.#
#.@##.###.##+.#
#.............#
#######'#######
#.# ###.###
#z▓.▓M# ###.###
#.# #'#


You could see a guardian mummy.

Vanquished Creatures
  Grinder (D:3)
  A crocodile (Sewer)
  An elf skeleton (D:5)
  A scorpion (D:5)
  2 wights (Ossuary)
  A human zombie (D:5)
  2 orc priests (D:4)
  2 hounds
  A big fish (D:4)
  An orc wizard (D:3)
  Natasha (D:3)
  A worker ant (D:5)
  Ijyb (D:2)
  Terence (D:3)
  3 gnolls (D:2)
  8 adders
  A giant mite (D:1)
  3 worms
  2 giant geckos (D:4)
  2 oozes
  7 orcs
  6 ball pythons
  16 bats
  A bat skeleton (D:3)
  3 giant cockroaches
  9 goblins
  8 hobgoblins
  8 jackals
  3 quokkas
  A giant gecko skeleton (D:4)
  3 giant newts
  2 hobgoblin zombies (Ossuary)
  9 kobolds
  A kobold zombie (Ossuary)
  4 orc skeletons
  An orc zombie (D:5)
  12 rats
130 creatures vanquished.

Notes
Turn   | Place    | Note
--------------------------------------------------------------
     0 | D:1      | Leibowitz, the Kobold Fighter, began the quest for the Orb.
     0 | D:1      | Reached XP level 1. HP: 14/14 MP: 1/1
   402 | D:1      | Reached XP level 2. HP: 13/19 MP: 2/2
   588 | D:1      | Reached skill level 1 in Stealth
   670 | D:1      | Reached XP level 3. HP: 13/23 MP: 3/3
  1140 | D:2      | Reached skill level 1 in Dodging
  1420 | D:2      | Reached XP level 4. HP: 29/29 MP: 4/4
  1938 | D:2      | Reached XP level 5. HP: 23/33 MP: 5/5
  1967 | D:2      | Reached skill level 4 in Fighting
  2427 | D:2      | Noticed Ijyb
  2442 | D:2      | Killed Ijyb
  2795 | D:3      | Noticed Terence
  2823 | D:3      | Killed Terence
  2825 | D:3      | Noticed Grinder
  3431 | D:3      | Reached XP level 6. HP: 31/38 MP: 6/6
  3500 | D:3      | Noticed Natasha
  3506 | D:3      | Killed Natasha
  3674 | D:3      | Paralysed by Grinder for 4 turns
  3677 | D:3      | HP: 1/38 [Grinder/wand of frost (6)]
  3680 | D:3      | Killed Grinder
  3680 | D:3      | Reached skill level 5 in Dodging
  3680 | D:3      | Reached XP level 7. HP: 1/44 MP: 7/7
  4384 | D:4      | Found Stacir's General Store.
  4395 | D:4      | Bought a potion of curing for 20 gold pieces
  4433 | D:4      | Got a faintly glowing bone ring
  4435 | D:4      | Identified the ring "Epiafut" {+Rage +Inv rElec rC+} (You found it on level 4 of the Dungeon)
  4839 | D:4      | Found a glowing drain.
  4865 | Sewer    | Entered a sewer
  4933 | Sewer    | Reached XP level 8. HP: 30/48 MP: 8/8
  5171 | D:4      | Found a snail-covered altar of Cheibriados.
  5694 | D:5      | Entered Level 5 of the Dungeon
  5725 | D:5      | Found Weasy's Jewellery Emporium.
  5733 | D:5      | Reached skill level 5 in Fighting
  5739 | D:5      | Found a white marble altar of Elyvilon.
  5739 | D:5      | Found a sparkling altar of Nemelex Xobeh.
  5747 | D:5      | Found a shadowy altar of Dithmenos.
  5905 | D:5      | Found Edothad's Antique Armour Boutique.
  5962 | D:5      | Found a sand-covered staircase.
  5985 | D:5      | Reached skill level 6 in Dodging
  6070 | Ossuary  | Entered an ossuary
  6262 | Ossuary  | Reached skill level 5 in Stealth
  6552 | Ossuary  | Noticed a flying skull
  6552 | Ossuary  | Noticed a guardian mummy
  6559 | Ossuary  | Noticed a flying skull
  6567 | Ossuary  | Noticed a guardian mummy
  6575 | Ossuary  | Slain by a guardian mummy

Action                   |  1- 3 |  4- 6 |  7- 9 || total
-------------------------+-------+-------+-------++-------
Melee: Cutlass           |    59 |     9 |    10 ||    78
       Dagger            |    12 |   190 |   258 ||   460
 Abil: Evoke Invisibilit |       |       |     3 ||     3
Evoke: Wand              |       |       |     3 ||     3
  Use: Potion            |       |    12 |     3 ||    15
       Scroll            |       |       |     2 ||     2
 Stab: Sleeping          |     1 |     1 |    14 ||    16
       Invisible         |       |       |     3 ||     3
